 Dungeon Crawl Stone Soup version 0.21.1-1-g345015f (webtiles) character file.

1036 diana the Spear-Bearer (level 8, -4/56 HPs)
             Began as a Merfolk Gladiator on May 29, 2018.
             Was an Initiate of Ashenzari.
             Slain by an orc warrior
             ... wielding a +0 short sword
              (16 damage)
             ... on level 5 of the Dungeon.
             The game lasted 00:10:33 (5567 turns).

diana the Spear-Bearer (Merfolk Gladiator)          Turns: 5567, Time: 00:10:35

Health: -4/56      AC:  4    Str: 18    XL:     8   Next: 24%
Magic:  8/8        EV: 17    Int:  7    God:    Ashenzari [......]
Gold:   227        SH:  0    Dex: 17    Spells: 7/7 levels left

rFire    . . .     SeeInvis .   a - +0 trident
rCold    . . .     Gourm    .   (no shield)
rNeg     . . .     Faith    .   b - +0 leather armour
rPois    .         Spirit   .   c - +0 helmet
rElec    .         Reflect  .   (no cloak)
rCorr    .         Harm     .   (no gloves)
MR       .....                  (no boots)
Stlth    +.........             (no amulet)
HPRegen  0.18/turn              k - ring of flight
MPRegen  0.11/turn              m - +3 ring of strength

@: no status effects
A: change form in water, swift swim, stealthy swim
a: Curse Item, Renounce Religion, Evoke Flight


You were on level 5 of the Dungeon.
You worshipped Ashenzari.
Ashenzari was noncommittal.
You were not hungry.

You visited 1 branch of the dungeon, and saw 5 of its levels.

You collected 227 gold pieces.

Inventory:

Hand Weapons
 a - a +0 trident (weapon)
Missiles
 d - 3 throwing nets (quivered)
Armour
 b - a +0 leather armour (worn)
 c - a +0 helmet (worn)
Jewellery
 k - a ring of flight (left hand)
 m - a +3 ring of strength (right hand)
Scrolls
 e - 2 scrolls of teleportation
 g - 5 scrolls of identify
 h - 3 scrolls of amnesia
 i - a scroll of fog
 q - a scroll of remove curse
 r - a scroll of magic mapping
 x - 2 scrolls of noise {unknown}
 y - 2 scrolls of enchant armour {unknown}
Potions
 j - a potion of lignification
 l - a potion of magic {unknown}
 n - 3 potions of brilliance {unknown}
 o - a potion of haste {unknown}
 p - 2 potions of flight {unknown}
 t - 2 potions of ambrosia {unknown}
 u - 3 potions of heal wounds {unknown}
 v - a potion of agility {unknown}
 w - a potion of degeneration {unknown}
Books
 s - a book of Misfortune

   Spells                             Type                      Level
   a - Confusing Touch                Hexes                        1
   b - Confuse                        Hexes                        3
   c - Gell's Gravitas                Translocation                3
   d - Petrify                        Transmutation/Earth          4
   e - Metabolic Englaciation         Hexes/Ice                    5
   f - Yara's Violent Unravelling     Hexes/Transmutation          5
Comestibles
 f - 11 rations


   Skills:
 - Level 2.1 Fighting
 * Level 11.5 Polearms
 - Level 2.0 Throwing
 + Level 8.1 Dodging


You had 7 spell levels left.
You didn't know any spells.

Dungeon Overview and Level Annotations

Branches:
Dungeon (5/15)
 Temple: D:4-7

Altars:
Ashenzari
Fedhas
Hepliaklqana
Nemelex Xobeh
Qazlal


Message History

The orc warrior is heavily wounded.
You hit the orc warrior.
The orc warrior is severely wounded.
The orc warrior hits you but does no damage.
You barely miss the orc warrior.
The orc warrior is severely wounded.
The orc warrior hits you with a short sword.
* * * LOW HITPOINT WARNING * * *
You hit the orc warrior but do no damage.
The orc warrior is severely wounded.
You hit the orc warrior but do no damage.
The orc warrior is severely wounded.
The orc warrior hits you but does no damage.
You hit the orc warrior but do no damage.
The orc warrior is severely wounded.
You feel less wooden.
Your +0 helmet unmelds from your body.
Your +0 leather armour unmelds from your body.
The orc warrior hits you with a short sword!
You die...

# .######...####.......## #..#'
###.#....................# #....
.........................# #....
....#....................####....
..########...####.........>......
..# #...# ##.......#.#.#### ..#
#...#####.......#.#.# ..#
#.......#.....(.....# #.#
#...###@#########.###
#.########..####o# #.#
.o......##....##h# #.#
#.##.##.##.##.##o###### ...
#..>.##.##.#o..hh.....# ###
#.##.....h.......####.#
#.##.##.##.......# #.# .....#
###....### ### #..... #....#


You could see an orc warrior, an orc and 3 jackals.

Vanquished Creatures
  Sigmund (D:2)
  A centaur (D:5)
  The ghost of Jaiteiro the Chiller, an amateur GrIE (D:3)
  A scorpion (D:4)
  5 crimson imps (D:5)
  An orc priest (D:4)
  2 hounds (D:4)
  2 orc wizards
  Jessica (D:3)
  An iguana (D:4)
  3 worker ants
  A hound zombie (D:5)
  A hound skeleton (D:5)
  A gnoll (D:1)
  8 adders
  A shadow imp (D:5)
  2 oozes
  An adder skeleton (D:4)
  5 worms
  2 dart slugs
  4 leopard geckos
  8 orcs
  2 bats (D:1)
  6 giant cockroaches
  12 goblins
  8 hobgoblins
  12 jackals
  8 kobolds
  2 quokkas
  3 ball pythons
  2 frilled lizards
  7 rats
115 creatures vanquished.

Notes
Turn   | Place    | Note
-------+----------+-------------------------------------------
     0 | D:1      | diana the Merfolk Gladiator began the quest for the Orb.
     0 | D:1      | Reached XP level 1. HP: 16/16 MP: 1/1
    81 | D:1      | Reached XP level 2. HP: 22/22 MP: 2/2
   110 | D:1      | Reached skill level 5 in Polearms
   575 | D:1      | Reached XP level 3. HP: 27/27 MP: 3/3
   955 | D:1      | Found a sparkling altar of Nemelex Xobeh.
  1091 | D:1      | Reached skill level 6 in Polearms
  1170 | D:2      | Found a stormy altar of Qazlal.
  1222 | D:2      | Noticed Sigmund
  1258 | D:3      | Reached XP level 4. HP: 28/33 MP: 4/4
  1289 | D:3      | Reached skill level 5 in Dodging
  1529 | D:3      | Noticed Jessica
  1531 | D:3      | Killed Jessica
  1581 | D:3      | Reached skill level 7 in Polearms
  1588 | D:3      | Noticed Jaiteiro's ghost (amateur GrIE)
  1604 | D:3      | Killed Jaiteiro's ghost
  1604 | D:3      | Reached XP level 5. HP: 8/38 MP: 5/5
  2171 | D:3      | Noticed an ogre
  2548 | D:2      | Reached skill level 8 in Polearms
  2781 | D:2      | Killed Sigmund
  2781 | D:2      | Reached skill level 9 in Polearms
  2781 | D:2      | Reached XP level 6. HP: 28/44 MP: 6/6
  3366 | D:4      | Reached XP level 7. HP: 18/50 MP: 7/7
  3607 | D:4      | Found a shattered altar of Ashenzari.
  3685 | D:4      | Became a worshipper of Ashenzari the Shackled
  3712 | D:4      | Reached skill level 10 in Polearms
  4065 | D:4      | You fall through a shaft!
  4065 | D:5      | Entered Level 5 of the Dungeon
  4403 | D:5      | HP: 2/50 [orc warrior/short sword (19)]
  5269 | D:5      | Found a hazy altar of Hepliaklqana.
  5368 | D:5      | Found a blossoming altar of Fedhas.
  5379 | D:5      | Reached XP level 8. HP: 56/56 MP: 8/8
  5394 | D:5      | Reached skill level 11 in Polearms
  5567 | D:5      | Slain by an orc warrior

Skill      XL: |  1  2  3  4  5  6  7  8 |
---------------+-------------------------+-----
Polearms       | 5 6 7 9 10 11 | 11.5
Dodging        | 5 6 7 8 |  8.1
Fighting       | |  2.1
Throwing       | |  2.0

Action                   |  1- 3 |  4- 6 |  7- 9 || total
-------------------------+-------+-------+-------++-------
Melee: Trident           |    97 |   198 |   223 ||   518
  Use: Potion            |       |     3 |     2 ||     5
       Scroll            |       |     7 |       ||     7
 Stab: Sleeping          |     3 |     2 |       ||     5
  Eat: Chunk             |       |     4 |     1 ||     5
       Ration            |       |     1 |     2 ||     3
Armor: Leather armour    |    12 |    19 |    12 ||    43
       Skin              |       |     2 |    15 ||    17
Dodge: Dodged            |    52 |    81 |    83 ||   216
